 Dungeon Crawl Stone Soup version 0.30-a0-42-g806c11bf1d (webtiles) character file.

Game seed: 6195530852366814901

57736 robertstho the Brawler (level 14, -15/205 HPs)
             Began as a Troll Berserker on Aug 30, 2022.
             Was a High Priest of Trog.
             Demolished by Saint Roka
             ... wielding a +0 dire flail
              (21 damage)
             ... on level 2 of the Orcish Mines.
             The game lasted 00:30:03 (15514 turns).

robertstho the Brawler (Troll Berserker)           Turns: 15514, Time: 00:30:03

Health: -15/205    AC: 10    Str: 36      XL:     14   Next: 46%
Magic:  13/13      EV: 10    Int:  3 (5)  God:    Trog [*****.]
Gold:   457        SH: 14    Dex:  9      Spells: 13/13 levels left

rFire   + . .      SeeInvis +      - Unarmed
rCold   + + +      Faith    .    i - +0 kite shield
rNeg    . . .      Spirit   .    O - +4 skin of Zhor {*Englaciate rC+++ SInv}
rPois   .          Reflect  +    R - +2 hat
rElec   .          Harm     .    (no cloak)
rCorr   .          Rampage  .    (gloves unavailable)
Will    +....                    (boots unavailable)
Stlth   ..........               h - amulet of reflection
HPRegen 1.24/turn                t - +6 ring of strength
MPRegen 0.13/turn                u - ring of protection from fire

@: berserking, very quick
A: large, unfitting armour, claws 3, regeneration 1, shaggy fur 1, tough skin 1
a: Renounce Religion, Berserk, Trog's Hand, Brothers in Arms


You were on level 2 of the Orcish Mines.
You worshipped Trog.
Trog was extremely pleased with you.
You visited 3 branches of the dungeon, and saw 18 of its levels.
You also visited: Sewer and Volcano.

You collected 1980 gold pieces.
You spent 1523 gold pieces at shops.

Inventory:

Hand Weapons
 j - the +6 broad axe of Trog's Grace {flame, Fly rC+ Str-5}
   (Trog gifted it to you on level 1 of the Lair of Beasts)

   It burns those it strikes, dealing additional fire damage.
   Big, fiery blades are also staple armaments of hydra-hunters.
   Str:       It affects your strength (-5).
   rC:        It protects you from cold.
   Fly:       It grants you flight.
Missiles
 M - 4 large rocks (quivered)
Armour
 d - the +1 acid dragon scales of Noughts and Crosses {rElec rF- rCorr Str+4 Stlth+}
   (You found it on level 5 of the Lair of Beasts)

   Str:       It affects your strength (+4).
   rF:        It makes you vulnerable to fire.
   rElec:     It insulates you from electricity.
   rCorr:     It protects you from acid and corrosion.
   Stlth:     It makes you more stealthy.
 i - a +0 kite shield (worn)
 o - a +0 troll leather armour {Pargi}
 L - +0 acid dragon scales
 O - the +4 skin of Zhor (worn) {*Englaciate rC+++ SInv}
   (You found it on level 11 of the Dungeon)

   It radiates cold, occasionally slowing all nearby creatures who are not
   resistant to cold.
   rC:        It renders you almost immune to cold.
   SInv:      It lets you see invisible.
 R - a +2 hat (worn)
Jewellery
 h - an amulet of reflection (around neck)
 t - a +6 ring of strength (left claw)
 u - a ring of protection from fire (right claw)
 v - the ring of Iduntal {rPois Int+7 Stlth+}
   (You acquired it on level 1 of the Lair of Beasts)

   [ring of poison resistance]

   Int:       It affects your intelligence (+7).
   rPois:     It protects you from poison.
   Stlth:     It makes you more stealthy.
 I - a ring of positive energy
 P - an amulet of guardian spirit
 S - an amulet of the acrobat
 V - a ring of poison resistance
Wands
 A - a wand of polymorph (11)
 B - a wand of mindburst (29)
 C - a wand of paralysis (11)
 E - a wand of digging (2)
 N - a wand of quicksilver (3)
Scrolls
 a - 4 scrolls of enchant weapon
 e - 4 scrolls of poison
 k - 4 scrolls of enchant armour
 m - 4 scrolls of blinking
 n - 3 scrolls of teleportation
 p - 3 scrolls of vulnerability
 x - a scroll of acquirement
 y - a scroll of fear
 D - 3 scrolls of fog
 G - 3 scrolls of brand weapon
 K - 2 scrolls of magic mapping
 X - 2 scrolls of immolation
 Y - a scroll of silence
Potions
 b - 5 potions of lignification
 c - 6 potions of curing
 g - a potion of resistance
 l - 2 potions of might
 q - 5 potions of flight
 r - 2 potions of attraction {unknown}
 s - 2 potions of ambrosia {unknown}
 w - 4 potions of cancellation
 z - 6 potions of invisibility
 J - 3 potions of haste
 T - a potion of mutation {unknown}
 W - a potion of magic
Miscellaneous
 H - a condenser vane
 Q - a lightning rod (4/4)
 U - a tin of tremorstones (2/2)


   Skills:
 * Level 8.9 Fighting
 + Level 2.9 Axes
 * Level 8.0 Armour
 + Level 6.9 Dodging
 + Level 1.7 Stealth
 + Level 7.8 Shields
 * Level 18.0 Unarmed Combat


You had 13 spell levels left.
You didn't know any spells.
Your spell library was empty.

Dungeon Overview and Level Annotations

Branches:
Dungeon (11/15)            Temple (0/1) D:4            Lair (5/5) D:8
 Shoals (0/4) Lair:3       Spider (0/4) Lair:2        Slime (0/5) Lair:5
    Orc (2/2) D:9             Elf (0/3) Orc:2         Sewer (visited)
Volcano (visited)

Altars:
Dithmenos
Elyvilon
Fedhas
Gozag
Kikubaaqudgha
Makhleb
Trog
The Shining One
Jiyva

Shops:
D:1 ?   D:6 ?   D:9 *   Orc:1 ?   Orc:2 *(

Portals:
Hell: Lair:5

Annotations:
Lair:2 2 transporters, Ystrif's ghost, journeyman MiBe
Orc:2 Saint Roka


Innate Abilities, Weirdness & Mutations

You are too large for most types of armour.
You have claws for hands.
Your natural rate of healing is unusually fast.
You are covered in fur. (AC +1)
You have tough skin. (AC +1)


Message History

You feel yourself moving faster!
You feel mighty!
Saint Roka unwields a +2 vorpal arbalest.
Saint Roka wields a +0 dire flail.
You block Saint Roka's attack. The orc hits you with a +0 flail!
* * * LOW HITPOINT WARNING * * *
You hear a shout!
You eviscerate Saint Roka!!!
Saint Roka is moderately wounded.
Saint Roka drinks a potion.
Saint Roka seems to grow stronger.
You claw Saint Roka!
Saint Roka is moderately wounded.
You block the orc's attack.
You closely miss Saint Roka.
Saint Roka is moderately wounded.
You block Saint Roka's attack.
You closely miss the orc.
You radiate an aura of cold.
The orc seems to slow down.
Saint Roka resists.
Your stone giant seems to slow down.
The orc warrior seems to slow down.
The orc hits you with a +0 flail!
* * * LOW HITPOINT WARNING * * *
You mangle the orc!!
You kill the orc!
Trog accepts your kill.
Saint Roka roars a battlecry!
You eviscerate Saint Roka!!!
Saint Roka is heavily wounded.
Your stone giant is no longer moving slowly.
You barely miss Saint Roka.
Saint Roka is heavily wounded.
Saint Roka hits you with a +0 dire flail!!!
* * * LOW HITPOINT WARNING * * *
You barely miss Saint Roka.
Saint Roka is heavily wounded.
You radiate an aura of cold.
Saint Roka resists.
Your stone giant resists.
The orc high priest seems to slow down.
You claw Saint Roka!
Saint Roka is severely wounded.
Saint Roka hits you with a +0 dire flail!!
You die...

.................# ##..
.................## ###..#
..................##########...##
.............................###
...........#...........######
....................#
.....o.).[........#.##
........#)[..o.....$## #
.........[.)..)@.#...# ##
..............).#.#.## #.
..............C.#...## #.
..........o##...#....# #.
..........#.!...)...## #.
#...#.............##.## #.
.##..#............#....# #.
..........#............## #.
............#####.......# ##


You could see Saint Roka (strong, ally target), an orc high priest (strong,
slow) and a friendly stone giant (summoned, berserk).

Vanquished Creatures
  Nessos (Lair:4)
  Josephine (Orc:2)
  Harold (D:10)
  5 hydras
  A boulder beetle (D:11)
  3 death yaks (Lair:3)
  Urug (Lair:1)
  Amaemon (D:9)
  2 skeletal warriors (Volcano)
  A wizard (Lair:5)
  An orb spider (Lair:2)
  2 anaconda skeletons (Volcano)
  3 orc sorcerers
  An ugly thing (D:11)
  A manticore (D:11)
  3 oklob plants
  6 elephants
  A merfolk siren (Lair:3)
  7 black mambas
  Joseph (Lair:1)
  An orange demon (D:9)
  6 gargoyles
  12 cane toads
  An unseen horror (D:11)
  Psyche (D:8)
  A kobold demonologist (D:6)
  5 rime drakes
  An ice devil (Lair:5)
  6 trolls
  9 komodo dragons
  A hellwing (Lair:5)
  A merfolk (Lair:3)
  A polar bear (Lair:5)
  A harpy skeleton (Volcano)
  Prince Ribbit (Lair:1)
  18 blink frogs
  2 hornets
  Sigmund (D:6)
  3 flying skulls (Volcano)
  3 alligator skeletons (Volcano)
  30 yaks
  3 wyverns
  5 wraiths (Orc:2)
  3 basilisks
  3 steam dragons
  Menkaure (D:7)
  A warg (Orc:2)
  3 acid dragons
  3 hell hounds (Lair:5)
  12 water moccasins
  Pargi (D:3)
  3 black bears
  20 orc warriors
  The ghost of sirJeffrey23 the Cutter, an amateur DrGl (D:3)
  3 centaurs
  9 ogres
  9 wolves
  5 kobold brigands
  A phantom (D:4)
  17 bullfrogs
  5 scorpions
  4 wights (D:7)
  3 killer bees (D:8)
  3 troll skeletons (Volcano)
  A spriggan skeleton (Volcano)
  A crimson imp (D:4)
  A hound (D:6)
  2 jellies
  24 orc priests
  A gnoll bouda (D:8)
  Terence (D:3)
  Natasha (thrice) (D:3)
  3 iguanas
  22 orc wizards
  6 hell rats (Lair:5)
  A naga skeleton (Volcano)
  12 gnolls
  3 river rats (Sewer)
  21 adders
  5 white imps
  An ufetubus (D:5)
  A worm (D:4)
  5 dart slugs
  102 orcs
  15 endoplasms
  5 giant cockroaches
  9 goblins
  5 hobgoblins
  3 jackals (Sewer)
  26 kobolds
  8 quokkas
  5 ball pythons
  2 bats (D:2)
  7 frilled lizards
  A goblin skeleton (D:4)
  A goblin zombie (D:4)
  A hobgoblin zombie (D:4)
  3 kobold skeletons (D:4)
  10 rats
583 creatures vanquished.

Vanquished Creatures (collateral kills)
  Erolcha (Orc:2)
  A boulder beetle (Lair:5)
  A catoblepas (Lair:5)
  A hell beast (Lair:5)
  An orc knight (Orc:2)
  2 orange demons (Lair:5)
  An ice devil (Lair:5)
  A red devil (Lair:5)
  2 hell hounds (Lair:5)
  An orc warrior (Orc:2)
  An ogre (Orc:2)
  4 orcs (Orc:2)
17 creatures vanquished.

Vanquished Creatures (others)
  An orc (Orc:2)
  A bush (Lair:3)
  23 fungi
  74 plants
99 creatures vanquished.

Grand Total: 699 creatures vanquished

Notes
Turn   | Place    | Note
-------+----------+-------------------------------------------
     0 | D:1      | robertstho the Troll Berserker began the quest for the Orb.
     0 | D:1      | Reached XP level 1. HP: 22/22 MP: 0/0
    84 | D:1      | You fall into a shaft and drop 1 floor!
   140 | D:2      | Reached XP level 2. HP: 29/29 MP: 1/1
   347 | D:2      | Reached XP level 3. HP: 35/36 MP: 2/2
   894 | D:1      | Reached ** piety under Trog
  1022 | D:1      | Found Zuim's Magic Scroll Boutique.
  1045 | D:1      | Bought a scroll of identify for 20 gold pieces
  1045 | D:1      | Bought a scroll of identify for 20 gold pieces
  1083 | D:1      | Found a faded altar of an unknown god.
  1337 | D:1      | Reached XP level 4. HP: 44/44 MP: 3/3
  1441 | D:1      | Reached skill level 4 in Unarmed Combat
  1609 | D:3      | Noticed Natasha
  1618 | D:3      | Killed Natasha
  1644 | D:3      | Noticed Natasha
  1645 | D:3      | Noticed Terence
  1645 | D:3      | Noticed a water moccasin
  1653 | D:3      | Killed a water moccasin
  1654 | D:3      | Reached skill level 5 in Unarmed Combat
  1654 | D:3      | Reached XP level 5. HP: 53/53 MP: 4/4
  1658 | D:3      | Killed Natasha
  1660 | D:3      | Killed Terence
  1756 | D:3      | Reached XP level 6. HP: 61/61 MP: 5/5
  1808 | D:3      | Noticed Natasha
  1823 | D:3      | Killed Natasha
  1924 | D:3      | Found a runed translucent door.
  1927 | D:3      | Noticed sirJeffrey23's ghost (amateur DrGl)
  1960 | D:3      | Noticed Pargi
  1970 | D:3      | Killed Pargi
  1971 | D:3      | Reached skill level 6 in Unarmed Combat
  2134 | D:3      | Killed sirJeffrey23's ghost
  2135 | D:3      | Reached skill level 1 in Shields
  2135 | D:3      | Reached XP level 7. HP: 62/67 MP: 6/6
  2194 | D:4      | Found a staircase to the Ecumenical Temple.
  2274 | D:4      | Reached *** piety under Trog
  2307 | D:4      | Identified the +4 ring mail "Damnable Contraption" {+Blink}
  2347 | D:4      | Reached skill level 7 in Unarmed Combat
  2351 | D:4      | Found a glowing golden altar of the Shining One.
  2515 | D:4      | Reached XP level 8. HP: 59/78 MP: 7/7
  2615 | D:4      | Found a bloodstained altar of Trog.
  2708 | D:5      | Entered Level 5 of the Dungeon
  2798 | D:5      | Reached skill level 1 in Armour
  2799 | D:5      | Reached skill level 8 in Unarmed Combat
  3094 | D:5      | Reached **** piety under Trog
  3468 | D:6      | Noticed a kobold demonologist
  3476 | D:6      | Noticed a soul eater
  3476 | D:6      | Killed a kobold demonologist
  3522 | D:6      | Noticed Sigmund
  3529 | D:6      | Killed Sigmund
  3530 | D:6      | Reached skill level 9 in Unarmed Combat
  3610 | D:6      | Reached XP level 9. HP: 85/85 MP: 8/8
  3657 | D:6      | Found a blossoming altar of Fedhas.
  3678 | D:6      | Found a glowing drain.
  3691 | Sewer    | Entered a sewer
  3787 | Sewer    | Found a white marble altar of Elyvilon.
  3856 | D:6      | Found Hiysagra's Magic Scroll Shop.
  3859 | D:6      | Bought a scroll of identify for 26 gold pieces
  3859 | D:6      | Bought a scroll of identify for 26 gold pieces
  3859 | D:6      | Bought a scroll of enchant armour for 97 gold pieces
  3859 | D:6      | Bought a scroll of identify for 26 gold pieces
  3859 | D:6      | Bought a scroll of blinking for 97 gold pieces
  4084 | D:6      | Found a white marble altar of Elyvilon.
  4159 | D:7      | Noticed Menkaure
  4166 | D:7      | Reached skill level 5 in Fighting
  4166 | D:7      | Reached skill level 10 in Unarmed Combat
  4176 | D:7      | Killed Menkaure
  4236 | D:7      | Paralysed by a hornet for 3 turns
  4302 | D:7      | Identified the +1 scale mail "Jonilot" {rF+}
  4370 | D:7      | Found a shadowy altar of Dithmenos.
  5257 | D:8      | Noticed Psyche
  5268 | D:8      | Killed Psyche
  5297 | D:8      | Reached skill level 11 in Unarmed Combat
  5297 | D:8      | Reached XP level 10. HP: 40/96 MP: 9/9
  5421 | D:8      | Found a staircase to the Lair.
  5459 | D:8      | Found an ancient bone altar of Kikubaaqudgha.
  5670 | D:9      | Found Gozag's Platinum Reserve.
  5672 | D:9      | Found an opulent altar of Gozag.
  5741 | D:9      | Reached ***** piety under Trog
  5752 | D:9      | Found a staircase to the Orcish Mines.
  5903 | D:9      | Noticed an orange demon
  5903 | D:9      | Noticed Amaemon
  5913 | D:9      | Killed Amaemon
  5914 | D:9      | Reached skill level 12 in Unarmed Combat
  5918 | D:9      | Killed an orange demon
  6585 | D:10     | Entered Level 10 of the Dungeon
  6616 | D:10     | Reached skill level 5 in Shields
  6625 | D:10     | Reached XP level 11. HP: 92/105 MP: 10/10
  6712 | D:10     | Reached skill level 13 in Unarmed Combat
  6789 | D:10     | Identified the +1 quarterstaff "Horadghip" {vorpal, Int+6}
  7217 | D:10     | Noticed Harold
  7225 | D:10     | Killed Harold
  7395 | D:11     | Noticed a boulder beetle
  7423 | D:11     | Reached skill level 5 in Dodging
  7428 | D:11     | Killed a boulder beetle
  7496 | D:11     | Found the +4 skin of Zhor {*Englaciate rC+++ SInv}
  7500 | D:11     | Noticed a purple ugly thing
  7515 | D:11     | Killed a purple ugly thing
  7516 | D:11     | Reached skill level 1 in Stealth
  8165 | D:6      | Bought a scroll of magic mapping for 97 gold pieces
  8165 | D:6      | Bought a scroll of identify for 26 gold pieces
  8165 | D:6      | Bought a scroll of identify for 26 gold pieces
  8165 | D:6      | Identified a scroll of acquirement
  8232 | Lair:1   | Entered Level 1 of the Lair of Beasts
  8233 | Lair:1   | Acquired the ring of Iduntal {rPois Int+7 Stlth+}
  8263 | Lair:1   | Reached skill level 14 in Unarmed Combat
  8269 | Lair:1   | Reached skill level 5 in Armour
  8467 | Lair:1   | Noticed Prince Ribbit
  8493 | Lair:1   | Killed Prince Ribbit
  8572 | Lair:1   | Noticed Urug
  8580 | Lair:1   | Killed Urug
  8581 | Lair:1   | Reached XP level 12. HP: 115/115 MP: 11/11
  8703 | Lair:1   | Identified the +6 broad axe of Trog's Grace {flame, Fly rC+
                  | Str-5} (Trog gifted it to you on level 1 of the Lair of
                  | Beasts)
  8703 | Lair:1   | Received a gift from Trog
  8798 | Lair:1   | Reached ****** piety under Trog
  9059 | Lair:1   | Noticed Joseph
  9071 | Lair:1   | Killed Joseph
  9375 | Lair:2   | Reached skill level 15 in Unarmed Combat
  9411 | Lair:2   | Found a transporter.
  9413 | Lair:2   | Found a transporter.
  9417 | Lair:2   | Noticed Ystrif's ghost (journeyman MiBe)
  9418 | Lair:2   | Found a bloodstained altar of Trog.
  9657 | Lair:2   | Found a dark tunnel.
  9665 | Volcano  | Entered a volcano
  9935 | Volcano  | Reached skill level 16 in Unarmed Combat
 10520 | Lair:2   | Found a hole to the Spider Nest.
 10799 | Lair:3   | Noticed a death yak
 10799 | Lair:3   | Noticed a death yak
 10799 | Lair:3   | Noticed a death yak
 10810 | Lair:3   | Killed a death yak
 10810 | Lair:3   | Received a gift from Trog
 10811 | Lair:3   | Reached XP level 13. HP: 92/126 MP: 12/12
 11071 | Lair:3   | Identified the +9 sling of Imminent Death {vorpal, Contam
                  | Str+5}
 11187 | Lair:3   | Found a staircase to the Shoals.
 12125 | Lair:4   | Noticed Nessos
 12136 | Lair:4   | Killed Nessos
 12137 | Lair:4   | Reached skill level 17 in Unarmed Combat
 12138 | Lair:4   | Reached skill level 1 in Axes
 12712 | Lair:5   | Entered Level 5 of the Lair of Beasts
 12936 | Lair:5   | Found a staircase to the Slime Pits.
 12936 | Lair:5   | Found a viscous altar of Jiyva.
 13213 | Lair:5   | HP: 4/128 [boulder beetle (26)]
 13318 | Lair:5   | Reached XP level 14. HP: 137/137 MP: 13/13
 13523 | Lair:5   | Found a burning altar of Makhleb.
 13571 | Lair:5   | Found a gateway to Hell.
 13578 | Lair:5   | Identified the +1 acid dragon scales of Noughts and Crosses
                  | {rElec rF- rCorr Str+4 Stlth+}
 14231 | Orc:1    | Entered Level 1 of the Orcish Mines
 14330 | Orc:1    | Found Yffampea's Magic Scroll Boutique.
 14349 | Orc:1    | Bought a scroll of acquirement for 780 gold pieces
 14349 | Orc:1    | Bought a scroll of immolation for 60 gold pieces
 14349 | Orc:1    | Bought a scroll of brand weapon for 142 gold pieces
 14450 | Orc:1    | You fall into a shaft and drop 1 floor!
 14450 | Orc:2    | Entered Level 2 of the Orcish Mines
 14856 | Orc:2    | Found Xuefui's Antique Weapon Boutique.
 14857 | Orc:2    | Received a gift from Trog
 14864 | Orc:2    | Paralysed by an orc sorcerer for 4 turns
 14917 | Orc:2    | Found a staircase to the Elven Halls.
 14957 | Orc:2    | Noticed Josephine
 14964 | Orc:2    | Killed Josephine
 15058 | Orc:2    | Found Qear's General Store.
 15065 | Orc:2    | Bought a potion of curing for 48 gold pieces
 15065 | Orc:2    | Bought a scroll of identify for 32 gold pieces
 15074 | Orc:2    | Found Uwoc's Antique Weapon Shoppe.
 15120 | Orc:2    | Noticed Erolcha
 15129 | Orc:2    | Killed Erolcha
 15130 | Orc:2    | Reached skill level 18 in Unarmed Combat
 15169 | Orc:2    | Noticed Saint Roka
 15322 | Orc:2    | HP: 5/137 [Saint Roka/bolt (6)]
 15512 | Orc:2    | HP: 5/205 [Saint Roka/+0 dire flail (52)]
 15514 | Orc:2    | Demolished by Saint Roka

Illustrated notes

Levels and vault maps discovered:
D:1:      erik_arrival_orb_chamber, layout_loops_ring, serial_shops, shop,
          shapermc_ecumenical_altar_notcrosses, st_stairs_12,
          chequers_decorated_corner, chequers_big_river
D:2:      layout_basic
D:3:      layout_rooms, ebering_ghost_sewer_d, nicolae_grassy_gnolls,
          uniq_pargi, uniq_terence, uniq_natasha
D:4:      layout_rooms, nicolae_tso_besieged_by_evil,
          mainiacjoe_overflow_surrounded_room, minmay_temple_entry_mist,
          kennysheep_generic_room_15
D:5:      layout_basic, minmay_misc_feat_doors
D:6:      layout_rooms, amcnicky_altar_gilded, overflow_temple_1_default,
          portal_sewer_entry_f, serial_shops, kennysheep_mini_moat,
          minmay_misc_feat_encased, kennysheep_generic_room_8, uniq_sigmund
D:7:      hellmonk_ruined_rings, layout_cave_pools,
          nicolae_dithmenos_shadow_blocks, uniq_menkaure
D:8:      layout_rooms, kennysheep_little_box, lair_entry_dummy,
          chequers_avenue, nicolae_hexahallways, uniq_psyche
D:9:      layout_roguey, nicolae_gozag_zags_fifth_avenue, hiddenorc2_lemuel,
          uniq_amaemon
D:10:     layout_roguey, nrook_uturn, uniq_harold
D:11:     layout_irregular_city, hangedman_decor_growths,
          minmay_fractal_squares_gapless_5
Lair:1:   minmay_lair_venomous_thicket, layout_loops_ring, lemuel_fruit_tree,
          uniq_urug, uniq_prince_ribbit2, uniq_joseph
Lair:2:   layout_gridlike, nicolae_spider_entry_orb_guardian,
          gammafunk_ghost_wrathful_warriors, lightli_volcano_entry_magma_tube
Lair:3:   layout_roguey, elwin_shoals_entry_rooms
Lair:4:   layout_regular_city, uniq_nessos
Lair:5:   evil_forest, layout_regular_city, minmay_slime_entry_oklob_open,
          chequers_serial_rivers_micro_d
Orc:1:    layout_caves, serial_shops, nicolae_square_shop,
          nicolae_orc_stony_grotto
Orc:2:    grunt_orc_community_town_hall, layout_caves,
          grunt_orc_community_big_house_1, grunt_orc_community_big_house_1,
          grunt_orc_community_house_2, grunt_orc_community_house_1,
          grunt_orc_community_house_3, grunt_orc_community_house_2,
          serial_shops, shop, shop_statue, mines2_david, uniq_erolcha,
          uniq_josephine

Skill      XL: |  1  2  3  4  5  6  7  8  9 10 11 12 13 14 |
---------------+-------------------------------------------+-----
Dodging        | 3 4 5 6 |  6.9
Unarmed Combat | 5 6 7 9 11 12 14 16 17 18 | 18.0
Fighting       | 3 4 5 6 7 8 |  8.9
Shields        | 1 2 4 5 6 7 |  7.8
Armour         | 2 3 4 5 6 7 8 |  8.0
Stealth        | 1 |  1.7
Axes           | 2 |  2.9

Action                   |  1- 3 |  4- 6 |  7- 9 | 10-12 | 13-15 || total
-------------------------+-------+-------+-------+-------+-------++-------
Melee: Unarmed           |   106 |    93 |   333 |   579 |   491 ||  1602
       Broad axe         |       |       |       |       |    66 ||    66
Invok: Berserk           |       |     4 |     7 |     7 |    12 ||    30
       Trog's Hand       |       |       |       |       |     2 ||     2
       Brothers in Arms  |       |       |       |       |     4 ||     4
  Use: Scroll            |       |     4 |     6 |    11 |    11 ||    32
       Potion            |       |       |     1 |     4 |     5 ||    10
 Stab: Sleeping          |       |       |       |     2 |     4 ||     6
       Invisible         |       |       |       |     1 |       ||     1
Armor: Animal skin       |    28 |    16 |       |    45 |   134 ||   223
       Troll leather arm |       |     3 |    68 |    43 |       ||   114
       Acid dragon scale |       |       |       |     2 |       ||     2
Dodge: Dodged            |    40 |    28 |    81 |   117 |   149 ||   415
Block: Kite shield       |    14 |    57 |   208 |   281 |   357 ||   917
       Reflection        |       |     1 |     8 |     7 |    11 ||    27

Table legend: (Time is in decaauts)
 A = Elapsed time spent in this place.
 B = Non-inter-level travel time spent in this place.
 C = Inter-level travel time spent in this place.
 D = Time resting spent in this place.
 E = Time spent auto-exploring this place.
 F = Levels seen in this place.
 G = Mean time per level.
                   A        B        C        D        E       F      G
               +--------+--------+--------+--------+--------+-----+--------+
         Total |  15658 |  14809 |    849 |    532 |  10999 |  20 |  782.9 |
       Dungeon |   8290 |   7753 |    537 |    269 |   5830 |  11 |  753.6 |
          Lair |   5488 |   5178 |    310 |     79 |   4086 |   5 | 1097.6 |
  Orcish Mines |   1265 |   1265 |      0 |    184 |    699 |   2 |  632.5 |
         Sewer |    158 |    158 |      0 |      0 |    115 |   1 |  158.0 |
       Volcano |    456 |    456 |      0 |      0 |    268 |   1 |  456.0 |
               +--------+--------+--------+--------+--------+-----+--------+

Top non-repeatable levels by time:
  Lair:5: 1423 daAuts
  Lair:1: 1086 daAuts
  Lair:4: 1067 daAuts
     D:9: 978 daAuts
     D:8: 977 daAuts
  Lair:2: 972 daAuts
   Orc:2: 939 daAuts
  Lair:3: 937 daAuts
    D:11: 813 daAuts
     D:2: 804 daAuts
     D:1: 801 daAuts
     D:5: 753 daAuts
    D:10: 711 daAuts
     D:7: 670 daAuts
     D:3: 623 daAuts
